 Dungeon Crawl Stone Soup version 0.31-a0-167-g1c394c0614 (webtiles) character file.

Game seed: 4827390091207558091

3259 qw the Skirmisher (level 10, -5/92 HPs)
             Began as a Naga Hunter on June 14, 2023.
             Was a Believer of Okawaru.
             Slain by a yak (8 damage)
             ... on level 1 of the Lair of Beasts.
             The game lasted 00:03:04 (7098 turns).

qw the Skirmisher (Naga Hunter)                     Turns: 7098, Time: 00:03:05

Health: -5/92      AC: 22    Str: 12 (13) XL:     10   Next: 0%
Magic:  11/13      EV: 13    Int:  8 (9)  God:    Okawaru [**....]
Gold:   366        SH:  0    Dex: 19 (20) Spells: 9/9 levels left

rFire   + + +        Y - +1 triple crossbow (freeze)
rCold   x . .        (shield currently unavailable)
rNeg    . . .        p - +0 steam dragon scales
rPois   +            g - +0 helmet {SInv}
rElec   +            (no cloak)
rCorr   .            b - +0 pair of gloves
SInv    +            a - +3 barding of Beogh's Felicitations {Rampage rElec rF+++ rC-}
Will    +....        (no amulet)
Stlth   ++++         k - +4 ring of protection
HPRegen 0.35/turn    (no ring)
MPRegen 0.13/turn

%: rampage
@: heroic, very slow
A: AC +3, large, see invisible, deformed body, poison resistance, slowness 2,
spit poison 1, naga tail 1
a: Spit Poison, Renounce Religion, Heroism


You were on level 1 of the Lair of Beasts.
You worshipped Okawaru.
Okawaru was pleased with you.
You visited 3 branches of the dungeon, and saw 10 of its levels.

You collected 366 gold pieces.


Innate Abilities, Weirdness & Mutations

Your serpentine skin is tough. (AC +3)
You have supernaturally acute eyesight. (SInv)
Armour fits poorly on your strangely shaped body.
Your system is resistant to poisons. (rPois)
You cover ground very slowly.
You can spit poison.
You have a snake-like lower body.


   Skills:
 + Level 6.6(11.6) Fighting
 - Level 10.0(15.0) Ranged Weapons
 - Level 3.0(8.0) Armour
 - Level 3.5(8.5) Dodging
 - Level 1.5(6.5) Stealth
 - Level 4.0 Invocations


You had 9 spell levels left.
You didn't know any spells.
Your spell library was empty.

Inventory:

Hand Weapons
 Y - a +1 triple crossbow of freezing (weapon)
Armour
 a - the +3 barding of Beogh's Felicitations (worn) {Rampage rElec rF+++ rC-}
   (You acquired it on level 1 of the Dungeon)

   rF:        It renders you almost immune to fire.
   rC:        It makes you vulnerable to cold.
   rElec:     It insulates you from electricity.
   Rampage:   It bestows one free step when moving towards enemies.
 b - a +0 pair of gloves (worn)
 g - a +0 helmet of see invisible (worn)
 p - +0 steam dragon scales (worn)
Jewellery
 k - a +4 ring of protection (left hand)
Scrolls
 m - a scroll of identify
Potions
 d - a potion of cancellation
 f - 2 potions of haste
 i - a potion of might
 l - 5 potions of curing

Dungeon Overview and Level Annotations

Branches:
Dungeon (8/15)             Temple (1/1) D:6            Lair (1/5) D:8

Altars:
Ashenzari
Cheibriados
Dithmenos
Elyvilon
Fedhas
Gozag
Hepliaklqana
Kikubaaqudgha
Nemelex Xobeh
Okawaru
Qazlal
Ru
Sif Muna
Uskayaw
Wu Jian
Xom
Yredelemnul

Shops:
D:1 (


Message History

The bullfrog barely misses you. The yak gores you! The yak gores you.
The bullfrog hits you but does no damage.
You feel your strength returning.
Your base Armour skill increases to level 3!
You shoot a bolt. The bolt hits the yak!!
The bolt freezes the yak!
The yak is almost dead.
The bullfrog misses you. The yak barely misses you.
The yak gores you but does no damage. The yak misses you.
The bullfrog barely misses you. The yak gores you but does no damage.
The yak closely misses you. The yak gores you!
You shoot a bolt. The bolt hits the yak!
The bolt freezes the yak.
You kill the yak!
Okawaru accepts your kill.
You have got your breath back.
The bullfrog barely misses you. The bullfrog hits you. The yak gores you.
The yak barely misses you.
The bullfrog hits you but does no damage.
You feel your intelligence returning.
7095 ||| INVOKING Spit Poison.
Aiming: Spit Poison (1% risk of failure)
Press: ? - help, Shift-Dir - straight line, f - bullfrog The splash of poison hits the bullfrog!
The bullfrog is heavily wounded.
The yak closely misses you. The yak gores you.
The bullfrog hits you but does no damage.
You shoot a bolt. The bolt hits the bullfrog!
The bullfrog seems to slow down.
The bolt freezes the bullfrog.
You kill the bullfrog!
Okawaru accepts your kill. The yak barely misses you.
The yak gores you but does no damage. The yak closely misses you.
The yak gores you but does no damage.
You have reached level 10!
You shoot a bolt. The bolt closely misses the yak.
The yak gores you but does no damage. The yak closely misses you.
You shoot a bolt. The bolt hits the yak!!
The bolt freezes the yak!
You kill the yak!
Okawaru accepts your kill.
You have got your breath back.
The yak gores you!
You die...

...#.# ....## ....#
....## . .....####### ##
..
.........#.########.#...
........................
..##..#.###P.#..Y%......
.# ###### #####.@%..##.
# ###.### ##


You could see a yak.

Vanquished Creatures
  A vampire (D:7)
  A basilisk (Lair:1)
  5 yaks (Lair:1)
  A steam dragon (D:6)
  An acid dragon (D:8)
  3 water moccasins
  An orc warrior (D:8)
  An ice beast (D:6)
  An ogre (D:7)
  A centaur (D:8)
  A bullfrog (Lair:1)
  4 scorpions
  3 wights (D:8)
  3 killer bees (D:8)
  3 hounds
  A jelly (D:5)
  A gnoll bouda (D:5)
  3 orc priests
  Jessica (D:3)
  Natasha (thrice) (D:3)
  5 iguanas
  5 orc wizards
  Robin (D:2)
  10 gnolls
  5 adders
  3 white imps
  2 ufetubi (D:6)
  2 worms
  A dart slug (D:3)
  17 orcs
  9 endoplasms
  A giant cockroach (D:3)
  16 goblins
  8 hobgoblins
  9 jackals
  2 quokkas
  4 ball pythons
  6 bats
  2 frilled lizards
  9 kobolds
  8 rats
164 creatures vanquished.

Notes
Turn   | Place    | Note
-------+----------+-------------------------------------------
     0 | D:1      | qw the Naga Hunter began the quest for the Orb.
     0 | D:1      | Reached XP level 1. HP: 19/19 MP: 1/1
     0 | D:1      | 0 ||| qw: Version: 0.2-a-29-g1fa15c8
     0 | D:1      | 0 ||| qw: Game counter: 5024
     0 | D:1      | 0 ||| qw: Always use a shield: true
     0 | D:1      | 0 ||| qw: God list: Okawaru
     0 | D:1      | 0 ||| qw: Allow faded altars: false
     0 | D:1      | 0 ||| qw: Do Orc after D:15 true
     0 | D:1      | 0 ||| qw: Do second Lair branch before Depths: true
     0 | D:1      | 0 ||| qw: Lair rune preference: random
     0 | D:1      | 0 ||| qw: Plans: Normal
     0 | D:1      | 0 ||| PLANNING D:1-11
   214 | D:1      | 214 ||| INVOKING Spit Poison.
   218 | D:1      | 218 ||| INVOKING Spit Poison.
   230 | D:1      | 230 ||| INVOKING Spit Poison.
   269 | D:1      | 269 ||| INVOKING Spit Poison.
   274 | D:1      | Reached skill level 4 in Ranged Weapons
   274 | D:1      | Reached XP level 2. HP: 26/26 MP: 2/2
   274 | D:1      | Found Gaju Jac's Weapon Boutique.
   275 | D:1      | Noticed a +0 triple sword
   275 | D:1      | Noticed a +0 executioner's axe
   335 | D:1      | 335 ||| INVOKING Spit Poison.
   360 | D:1      | 360 ||| INVOKING Spit Poison.
   420 | D:1      | 420 ||| INVOKING Spit Poison.
   479 | D:1      | 479 ||| INVOKING Spit Poison.
   529 | D:1      | 529 ||| INVOKING Spit Poison.
   533 | D:1      | 533 ||| INVOKING Spit Poison.
   537 | D:1      | 537 ||| INVOKING Spit Poison.
   541 | D:1      | 541 ||| INVOKING Spit Poison.
   546 | D:1      | 546 ||| INVOKING Spit Poison.
   610 | D:1      | 610 ||| INVOKING Spit Poison.
   616 | D:1      | 616 ||| INVOKING Spit Poison.
   620 | D:1      | 620 ||| INVOKING Spit Poison.
   686 | D:1      | 686 ||| INVOKING Spit Poison.
   827 | D:1      | 827 ||| READING scroll labelled KEKOIR SUGURCH.
   827 | D:1      | Identified a scroll of acquirement
   827 | D:1      | 827 ||| ACQUIRING +3 barding of Beogh's Felicitations
                  | {Rampage rElec rF+++ rC-}
   827 | D:1      | Acquired the +3 barding of Beogh's Felicitations {Rampage
                  | rElec rF+++ rC-}
   829 | D:1      | 829 ||| UPGRADING to +3 barding of Beogh's Felicitations
                  | {Rampage rElec rF+++ rC-}.
   834 | D:1      | 834 ||| DROPPING scroll of butterflies.
   872 | D:2      | 872 ||| INVOKING Spit Poison.
   873 | D:2      | Reached XP level 3. HP: 32/32 MP: 3/3
   876 | D:2      | 876 ||| INVOKING Spit Poison.
   908 | D:2      | 908 ||| Stepping ~*~*~tactically~*~*~ (outnumbered).
   909 | D:2      | 909 ||| INVOKING Spit Poison.
   915 | D:2      | 915 ||| INVOKING Spit Poison.
   916 | D:2      | 916 ||| INVOKING Spit Poison.
   979 | D:2      | 979 ||| INVOKING Spit Poison.
   980 | D:2      | Reached skill level 5 in Ranged Weapons
   982 | D:2      | Noticed Robin
   986 | D:2      | 986 ||| INVOKING Spit Poison.
   988 | D:2      | Reached XP level 4. HP: 39/39 MP: 4/4
   991 | D:2      | 991 ||| INVOKING Spit Poison.
   995 | D:2      | 995 ||| INVOKING Spit Poison.
   995 | D:2      | Killed Robin
  1024 | D:2      | 1024 ||| INVOKING Spit Poison.
  1033 | D:2      | 1033 ||| INVOKING Spit Poison.
  1047 | D:2      | 1047 ||| INVOKING Spit Poison.
  1082 | D:2      | 1082 ||| INVOKING Spit Poison.
  1196 | D:2      | 1196 ||| INVOKING Spit Poison.
  1201 | D:2      | 1201 ||| INVOKING Spit Poison.
  1210 | D:2      | 1210 ||| INVOKING Spit Poison.
  1214 | D:2      | 1214 ||| INVOKING Spit Poison.
  1241 | D:2      | 1241 ||| INVOKING Spit Poison.
  1321 | D:2      | 1321 ||| INVOKING Spit Poison.
  1325 | D:2      | 1325 ||| INVOKING Spit Poison.
  1380 | D:2      | 1380 ||| INVOKING Spit Poison.
  1383 | D:2      | 1383 ||| INVOKING Spit Poison.
  1387 | D:2      | 1387 ||| INVOKING Spit Poison.
  1411 | D:2      | 1411 ||| INVOKING Spit Poison.
  1416 | D:2      | 1416 ||| INVOKING Spit Poison.
  1422 | D:2      | 1422 ||| INVOKING Spit Poison.
  1423 | D:2      | 1423 ||| INVOKING Spit Poison.
  1424 | D:2      | Reached skill level 3 in Fighting
  1524 | D:2      | 1524 ||| INVOKING Spit Poison.
  1545 | D:2      | 1545 ||| INVOKING Spit Poison.
  1550 | D:2      | 1550 ||| INVOKING Spit Poison.
  1564 | D:2      | 1564 ||| INVOKING Spit Poison.
  1674 | D:2      | 1674 ||| INVOKING Spit Poison.
  1724 | D:2      | 1724 ||| INVOKING Spit Poison.
  1738 | D:2      | 1738 ||| UPGRADING to +0 pair of gloves.
  1743 | D:2      | 1743 ||| UPGRADING to +0 helmet of see invisible.
  1748 | D:2      | 1748 ||| DRINKING 2 glowing emerald potions.
  1749 | D:2      | 1749 ||| DROPPING potion of enlightenment.
  1777 | D:3      | 1777 ||| INVOKING Spit Poison.
  1825 | D:3      | 1825 ||| INVOKING Spit Poison.
  1839 | D:3      | 1839 ||| Stepping ~*~*~tactically~*~*~ (outnumbered).
  1841 | D:3      | 1841 ||| Stepping ~*~*~tactically~*~*~ (outnumbered).
  1843 | D:3      | 1843 ||| INVOKING Spit Poison.
  1847 | D:3      | 1847 ||| INVOKING Spit Poison.
  1849 | D:3      | Reached skill level 1 in Armour
  1849 | D:3      | Reached XP level 5. HP: 34/49 MP: 5/5
  1852 | D:3      | 1852 ||| INVOKING Spit Poison.
  1857 | D:3      | 1857 ||| INVOKING Spit Poison.
  1866 | D:3      | 1866 ||| INVOKING Spit Poison.
  2009 | D:3      | 2009 ||| INVOKING Spit Poison.
  2028 | D:3      | Noticed Natasha
  2032 | D:3      | 2032 ||| INVOKING Spit Poison.
  2033 | D:3      | 2033 ||| Stepping ~*~*~tactically~*~*~ (outnumbered).
  2034 | D:3      | 2034 ||| Stepping ~*~*~tactically~*~*~ (outnumbered).
  2036 | D:3      | 2036 ||| INVOKING Spit Poison.
  2039 | D:3      | 2039 ||| INVOKING Spit Poison.
  2041 | D:3      | Killed Natasha
  2044 | D:3      | 2044 ||| INVOKING Spit Poison.
  2047 | D:3      | HP: 12/49 [poisoned by a scorpion]
  2049 | D:3      | HP: 4/49 [poisoned by a scorpion]
  2050 | D:3      | Reached XP level 6. HP: 5/56 MP: 6/6
  2054 | D:3      | HP: 1/56 [poisoned by a scorpion]
  2251 | D:3      | 2251 ||| INVOKING Spit Poison.
  2262 | D:3      | 2262 ||| INVOKING Spit Poison.
  2280 | D:3      | Found a broken altar of Ashenzari.
  2283 | D:3      | 2283 ||| INVOKING Spit Poison.
  2294 | D:3      | 2294 ||| INVOKING Spit Poison.
  2297 | D:3      | Reached skill level 6 in Ranged Weapons
  2409 | D:3      | Noticed Natasha
  2410 | D:3      | 2410 ||| INVOKING Spit Poison.
  2414 | D:3      | 2414 ||| INVOKING Spit Poison.
  2415 | D:3      | Killed Natasha
  2429 | D:3      | 2429 ||| INVOKING Spit Poison.
  2539 | D:3      | 2539 ||| INVOKING Spit Poison.
  2567 | D:3      | 2567 ||| INVOKING Spit Poison.
  2571 | D:3      | 2571 ||| INVOKING Spit Poison.
  2581 | D:3      | 2581 ||| INVOKING Spit Poison.
  2645 | D:3      | 2645 ||| INVOKING Spit Poison.
  2652 | D:3      | Noticed Jessica
  2660 | D:3      | Killed Jessica
  2709 | D:3      | Noticed Natasha
  2711 | D:3      | 2711 ||| INVOKING Spit Poison.
  2713 | D:3      | Killed Natasha
  2749 | D:3      | 2749 ||| DROPPING ring of flight.
  2750 | D:3      | 2750 ||| UPGRADING to +4 ring of protection.
  2751 | D:3      | 2751 ||| DRINKING 2 gluggy clear potions.
  2752 | D:3      | 2752 ||| DRINKING 2 golden potions.
  2753 | D:3      | 2753 ||| DROPPING potion of brilliance.
  2856 | D:4      | 2856 ||| INVOKING Spit Poison.
  2898 | D:4      | 2898 ||| INVOKING Spit Poison.
  2902 | D:4      | 2902 ||| INVOKING Spit Poison.
  3108 | D:4      | 3108 ||| INVOKING Spit Poison.
  3111 | D:4      | 3111 ||| INVOKING Spit Poison.
  3160 | D:4      | 3160 ||| Stepping ~*~*~tactically~*~*~ (outnumbered).
  3161 | D:4      | 3161 ||| INVOKING Spit Poison.
  3165 | D:4      | 3165 ||| INVOKING Spit Poison.
  3171 | D:4      | 3171 ||| INVOKING Spit Poison.
  3195 | D:4      | 3195 ||| INVOKING Spit Poison.
  3199 | D:4      | 3199 ||| INVOKING Spit Poison.
  3206 | D:4      | 3206 ||| INVOKING Spit Poison.
  3212 | D:4      | Reached XP level 7. HP: 46/64 MP: 7/7
  3213 | D:4      | 3213 ||| INVOKING Spit Poison.
  3340 | D:4      | 3340 ||| INVOKING Spit Poison.
  3397 | D:4      | 3397 ||| INVOKING Spit Poison.
  3403 | D:4      | 3403 ||| INVOKING Spit Poison.
  3487 | D:4      | 3487 ||| READING scroll labelled ZEECZOINEBO.
  3491 | D:4      | 3491 ||| READING scroll labelled LYXOSYURAU.
  3492 | D:4      | 3492 ||| READING scroll labelled INOOSTR WIOMOAC.
  3527 | D:5      | Entered Level 5 of the Dungeon
  3630 | D:5      | Reached skill level 7 in Ranged Weapons
  3674 | D:5      | 3674 ||| FLEEEEING.
  3677 | D:5      | 3677 ||| STAIRDANCE
  3703 | D:4      | 3703 ||| READING scroll labelled KIMIUCR CURO.
  3704 | D:4      | 3704 ||| DRINKING 2 viscous silvery potions.
  3773 | D:5      | Found a sparkling altar of Nemelex Xobeh.
  3831 | D:5      | 3831 ||| INVOKING Spit Poison.
  3900 | D:5      | 3900 ||| INVOKING Spit Poison.
  3902 | D:5      | Found a basalt altar of Yredelemnul.
  3938 | D:5      | 3938 ||| INVOKING Spit Poison.
  3944 | D:5      | Reached XP level 8. HP: 72/72 MP: 8/8
  3987 | D:5      | 3987 ||| Stepping ~*~*~tactically~*~*~ (outnumbered).
  3989 | D:5      | 3989 ||| Stepping ~*~*~tactically~*~*~ (outnumbered).
  3991 | D:5      | 3991 ||| Stepping ~*~*~tactically~*~*~ (outnumbered).
  3993 | D:5      | 3993 ||| INVOKING Spit Poison.
  3994 | D:5      | 3994 ||| Stepping ~*~*~tactically~*~*~ (outnumbered).
  3998 | D:5      | 3998 ||| INVOKING Spit Poison.
  4003 | D:5      | Reached skill level 8 in Ranged Weapons
  4003 | D:5      | 4003 ||| INVOKING Spit Poison.
  4006 | D:5      | 4006 ||| INVOKING Spit Poison.
  4013 | D:5      | 4013 ||| INVOKING Spit Poison.
  4017 | D:5      | 4017 ||| INVOKING Spit Poison.
  4020 | D:5      | 4020 ||| INVOKING Spit Poison.
  4023 | D:5      | 4023 ||| INVOKING Spit Poison.
  4159 | D:5      | 4159 ||| INVOKING Spit Poison.
  4218 | D:5      | 4218 ||| READING scroll labelled TOABBE VAFEVOZ.
  4219 | D:5      | 4219 ||| READING scroll labelled KUADA NI RULO.
  4220 | D:5      | 4220 ||| READING scroll labelled XAUH UK REWOWN.
  4221 | D:5      | 4221 ||| READING 2 scrolls of identify.
  4221 | D:5      | 4221 ||| IDENTIFYING smoky sapphire potion
  4233 | D:6      | 4233 ||| INVOKING Spit Poison.
  4236 | D:6      | 4236 ||| INVOKING Spit Poison.
  4250 | D:6      | 4250 ||| INVOKING Spit Poison.
  4272 | D:6      | Found a sacrificial altar of Ru.
  4290 | D:6      | 4290 ||| INVOKING Spit Poison.
  4367 | D:6      | 4367 ||| INVOKING Spit Poison.
  4386 | D:6      | 4386 ||| INVOKING Spit Poison.
  4393 | D:6      | 4393 ||| INVOKING Spit Poison.
  4418 | D:6      | 4418 ||| INVOKING Spit Poison.
  4431 | D:6      | 4431 ||| INVOKING Spit Poison.
  4434 | D:6      | 4434 ||| INVOKING Spit Poison.
  4475 | D:6      | 4475 ||| INVOKING Spit Poison.
  4498 | D:6      | 4498 ||| INVOKING Spit Poison.
  4501 | D:6      | 4501 ||| INVOKING Spit Poison.
  4518 | D:6      | 4518 ||| INVOKING Spit Poison.
  4523 | D:6      | 4523 ||| INVOKING Spit Poison.
  4668 | D:6      | Found a staircase to the Ecumenical Temple.
  4669 | D:6      | 4669 ||| PLANNING TEMPLE
  4669 | D:6      | 4669 ||| UPGRADING to +0 steam dragon scales.
  4679 | D:6      | 4679 ||| DROPPING +0 leather armour.
  4680 | D:6      | 4680 ||| READING scroll labelled HITEZE DAFANEJOE.
  4681 | D:6      | 4681 ||| READING scroll labelled OHAILINAME.
  4790 | Temple   | Entered the Ecumenical Temple
  4860 | Temple   | 4860 ||| PLANNING OKAWARU WORSHIP
  4961 | Temple   | Became a worshipper of Warmaster Okawaru
  4962 | Temple   | 4962 ||| PLANNING D:1-11
  5025 | D:6      | 5025 ||| INVOKING Spit Poison.
  5176 | D:7      | Reached skill level 9 in Ranged Weapons
  5241 | D:7      | 5241 ||| INVOKING Spit Poison.
  5249 | D:7      | 5249 ||| INVOKING Spit Poison.
  5331 | D:7      | Noticed a vampire
  5355 | D:7      | HP: 9/74 [vampire/vampiric draining (13)]
  5356 | D:7      | 5356 ||| READING scroll of teleportation.
  5357 | D:7      | 5357 ||| DRINKING potion of heal wounds.
  5732 | D:7      | 5732 ||| INVOKING Spit Poison.
  5739 | D:7      | 5739 ||| INVOKING Spit Poison.
  5816 | D:7      | 5816 ||| DRINKING 2 potions of curing.
  5816 | D:7      | 5816 ||| (to cure confusion)
  5825 | D:7      | Killed a vampire
  5826 | D:7      | Reached skill level 3 in Dodging
  5826 | D:7      | Reached XP level 9. HP: 59/81 MP: 9/9
  5980 | D:7      | 5980 ||| INVOKING Spit Poison.
  5984 | D:7      | 5984 ||| INVOKING Spit Poison.
  6353 | D:7      | 6353 ||| DRINKING 2 inky potions.
  6354 | D:7      | 6354 ||| READING 2 scrolls of identify.
  6354 | D:7      | 6354 ||| IDENTIFYING silvery potion
  6355 | D:7      | 6355 ||| DROPPING potion of attraction.
  6373 | D:8      | 6373 ||| INVOKING Spit Poison.
  6380 | D:8      | 6380 ||| INVOKING Spit Poison.
  6412 | D:8      | Reached * piety under Okawaru
  6449 | D:8      | Reached skill level 1 in Invocations
  6453 | D:8      | 6453 ||| INVOKING Heroism.
  6454 | D:8      | 6454 ||| INVOKING Spit Poison.
  6460 | D:8      | Reached skill level 6 in Fighting
  6460 | D:8      | 6460 ||| INVOKING Spit Poison.
  6466 | D:8      | 6466 ||| INVOKING Spit Poison.
  6470 | D:8      | 6470 ||| INVOKING Heroism.
  6474 | D:8      | 6474 ||| INVOKING Spit Poison.
  6511 | D:8      | 6511 ||| INVOKING Spit Poison.
  6601 | D:8      | 6601 ||| UPGRADING to +0 orcbow.
  6602 | D:8      | 6602 ||| UPGRADING to +0 arbalest.
  6603 | D:8      | 6603 ||| DROPPING +0 orcbow.
  6604 | D:8      | 6604 ||| DROPPING +0 shortbow of flaming.
  6607 | D:8      | 6607 ||| INVOKING Spit Poison.
  6610 | D:8      | 6610 ||| INVOKING Spit Poison.
  6667 | D:8      | Found a staircase to the Lair.
  6784 | D:8      | Found a stormy altar of Qazlal.
  6847 | D:8      | 6847 ||| READING scroll of acquirement.
  6847 | D:8      | 6847 ||| ACQUIRING +1 triple crossbow of freezing
  6847 | D:8      | Acquired a +1 triple crossbow of freezing
  6849 | D:8      | 6849 ||| UPGRADING to +1 triple crossbow of freezing.
  6850 | D:8      | 6850 ||| DROPPING +0 arbalest.
  6979 | D:8      | 6979 ||| PLANNING LAIR
  6979 | D:8      | 6979 ||| READING scroll labelled YZADUSMOTE.
  6980 | D:8      | 6980 ||| DRINKING 2 glowing silvery potions.
  6981 | D:8      | 6981 ||| DROPPING potion of degeneration.
  7022 | Lair:1   | Entered Level 1 of the Lair of Beasts
  7033 | Lair:1   | 7033 ||| INVOKING Spit Poison.
  7036 | Lair:1   | 7036 ||| INVOKING Spit Poison.
  7038 | Lair:1   | Reached skill level 3 in Invocations
  7077 | Lair:1   | 7077 ||| INVOKING Spit Poison.
  7081 | Lair:1   | 7081 ||| INVOKING Spit Poison.
  7085 | Lair:1   | Reached ** piety under Okawaru
  7086 | Lair:1   | Reached skill level 10 in Ranged Weapons
  7086 | Lair:1   | 7086 ||| INVOKING Spit Poison.
  7088 | Lair:1   | 7088 ||| INVOKING Heroism.
  7090 | Lair:1   | 7090 ||| INVOKING Spit Poison.
  7092 | Lair:1   | HP: 18/82 [yak (6)]
  7093 | Lair:1   | Reached skill level 3 in Armour
  7094 | Lair:1   | HP: 7/82 [bullfrog (3)]
  7095 | Lair:1   | 7095 ||| INVOKING Spit Poison.
  7095 | Lair:1   | HP: 1/85 [yak (4)]
  7097 | Lair:1   | Reached XP level 10. HP: 2/92 MP: 10/13
  7098 | Lair:1   | Slain by a yak

Levels and vault maps discovered:
D:1:      dpeg_arrival_circle_labyrinth_c, layout_basic, serial_forest,
          infiniplex_forest_clump_double, infiniplex_forest_lined_room_,
          infiniplex_forest_straight_2, infiniplex_forest_straight_3,
          infiniplex_forest_clump_tiny, infiniplex_forest_lined_corner,
          infiniplex_forest_straight_1, serial_shops, nicolae_shop_mannequins
D:2:      layout_basic, uniq_robin
D:3:      layout_basic, cheibrodos_ashenzari_chains, hangedman_glass_teeth,
          uniq_jessica, uniq_natasha
D:4:      layout_loops_cross, minivault_24
D:5:      layout_rooms, mainiacjoe_overflow_surrounded_room,
          yredelemnul_altar_generic
D:6:      layout_cave_pools, nicolae_ru_the_path_less_chosen,
          lemuel_temple_firewalk_b
D:7:      layout_layer_cave
D:8:      layout_cave_pools, mainiacjoe_overflow_alcove_2, dpeg_oklobed_lair,
          supply_closet_lemuel
Temple:   nicolae_temple_bog_church
Lair:1:   layout_cave_pods, grunt_megastairs_5

Skill      XL: |  1  2  3  4  5  6  7  8  9 |
---------------+----------------------------+-----
Ranged Weapons | 4 5 6 7 9 10 | 10.0
Fighting       | 3 4 5 6 |  6.6
Armour         | 1 2 3 |  3.0
Dodging        | 2 3 |  3.5
Invocations    | 4 |  4.0
Stealth        | |  1.5

Action                     |  1- 3 |  4- 6 |  7- 9 | 10-12 || total
---------------------------+-------+-------+-------+-------++-------
   Fire: Shortbow          |    60 |   180 |   271 |       ||   511
         Triple crossbow   |       |       |    21 |     2 ||    23
         Arbalest          |       |       |     9 |       ||     9
 Invoke: Heroism           |       |       |     3 |       ||     3
Ability: Spit Poison       |    23 |    61 |    54 |       ||   138
    Use: Scroll            |     1 |       |    14 |       ||    15
         Potion            |       |     3 |     5 |       ||     8
 Armour: Leather armour    |    12 |    93 |    64 |       ||   169
         Steam dragon scal |       |       |    71 |     1 ||    72
  Dodge: Dodged            |    21 |    34 |   115 |     1 ||   171

Table legend:
 A = Non-vault XP
 B = Vault XP
 C = Vault XP percentage of total XP
 D = Non-vault monster count
 E = Vault monster count
 F = Vault count percentage of total count
                 A         B        C        D         E       F
            +---------+---------+-------+---------+---------+-------
      Total |    4748 |     107 |   2.2 |     151 |      13 |   7.9
            +---------+---------+-------+---------+---------+-------
        D:1 |      33 |       0 |   0.0 |      20 |       0 |   0.0
        D:2 |      88 |      35 |  28.5 |      29 |      11 |  27.5
        D:3 |     324 |      72 |  18.2 |      25 |       2 |   7.4
        D:4 |     212 |       0 |   0.0 |      16 |       0 |   0.0
        D:5 |     659 |       0 |   0.0 |      13 |       0 |   0.0
        D:6 |     620 |       0 |   0.0 |      14 |       0 |   0.0
        D:7 |     587 |       0 |   0.0 |       9 |       0 |   0.0
        D:8 |     917 |       0 |   0.0 |      18 |       0 |   0.0
     Lair:1 |    1308 |       0 |   0.0 |       7 |       0 |   0.0
            +---------+---------+-------+---------+---------+-------
